 Dungeon Crawl Stone Soup version 0.24.0-123-gd5b16e6ec5 (webtiles) character file.

Game seed: 4169631610880482904, levelgen mode: deterministic

2526 Freitmort the Thaumaturge (level 9, -13/46 HPs)
             Began as a Deep Elf Fire Elementalist on Feb 6, 2020.
             Mangled by a two-headed ogre
             ... wielding a +0 giant spiked club
              (18 damage)
             ... on level 8 of the Dungeon on Feb 7, 2020.
             The game lasted 00:59:14 (10870 turns).

Freitmort the Thaumaturge (DEFE)                   Turns: 10870, Time: 00:59:14

Health: -13/46     AC:  5    Str:  7    XL:     9   Next: 29%
Magic:  13/24      EV: 14    Int: 22    God:
Gold:   339        SH:  0    Dex: 15    Spells: 14/26 levels left

rFire    . . .     SeeInvis +   i - +1 short sword
rCold    . . .     Gourm    .   (no shield)
rNeg     . . .     Faith    .   q - +2 robe {MR+}
rPois    .         Spirit   .   (no helmet)
rElec    .         Reflect  .   o - scarf {repulsion}
rCorr    .         Harm     .   (no gloves)
MR       +....                  h - +0 pair of boots
Stlth    +++.......             (no amulet)
HPRegen  0.15/turn              n - ring of see invisible
MPRegen  0.19/turn              (no ring)

@: invisible, repel missiles
A: no striking features
a: no special abilities


You were on level 8 of the Dungeon.
You were very hungry.

You visited 2 branches of the dungeon, and saw 11 of its levels.
You also visited: Ossuary.

You collected 339 gold pieces.

Inventory:

Hand Weapons
 i - a +1 short sword (weapon)
Missiles
 m - 19 poisoned darts (quivered)
 s - 8 curare-tipped darts
Armour
 h - a +0 pair of boots (worn)
 o - a scarf of repulsion (worn)
 q - a +2 robe of magic resistance (worn)
Jewellery
 n - a ring of see invisible (left hand)
 t - an uncursed ring of flight {unknown}
Wands
 j - a wand of scattershot (5)
 l - a wand of flame (37)
Scrolls
 k - a scroll of noise
 p - a scroll of immolation
 r - 3 scrolls of remove curse
 w - a scroll of enchant weapon
Potions
 a - 3 potions of mutation {unknown}
 b - 4 potions of flight
 e - a potion of degeneration {unknown}
 f - a potion of magic {unknown}
 g - 4 potions of curing {unknown}
 v - 2 potions of lignification {unknown}
Comestibles
 c - 7 rations


   Skills:
 + Level 0.4 Fighting
 + Level 1.6 Short Blades
 + Level 3.6 Dodging
 + Level 4.0 Stealth
 + Level 9.0 Spellcasting
 + Level 7.2 Conjurations
 + Level 8.0 Fire Magic
 * Level 3.7 Evocations


You had 14 spell levels left.
You knew the following spells:

 Your Spells              Type           Power        Failure   Level  Hunger
a - Flame Tongue          Conj/Fire      #####        1%          1    None
b - Throw Flame           Conj/Fire      #####.       1%          2    None
c - Sticky Flame          Conj/Fire      #####...     3%          4    ##.....
d - Fireball              Conj/Fire      #####.....   9%          5    #####..

Your spell library contained the following spells:

 Spells                   Type           Power        Failure   Level  Hunger
 Conjure Flame            Conj/Fire      #####...     1%          3    None
 Inner Flame              Hex/Fire       ####....     3%          3    None
 Confusing Touch          Hex            #.....       7%          1    None
 Ignite Poison            Fire/Tmut/Pois ###.....     7%          3    None
 Confuse                  Hex            #.......     21%         3    None
 Gell's Gravitas          Tloc           #.........   21%         3    None
 Bolt of Fire             Conj/Fire      #####.....   41%         6    ######.
 Petrify                  Tmut/Erth      #.......     54%         4    ##.....
 Metabolic Englaciation   Hex/Ice        #.........   88%         5    #####..
 Yara's Violent Unravell  Hex/Tmut       #.........   88%         5    #####..
 Ring of Flames           Chrm/Fire      ####......   100%        7    #######
 Ignition                 Fire           #####.....   100%        8    #######


Dungeon Overview and Level Annotations

Branches:
Dungeon (10/15)            Temple (1/1) D:6         Ossuary (visited)
   Lair: D:8-11         Orc: D:9-12

Altars:
Ashenzari
Cheibriados
Elyvilon
Gozag
Hepliaklqana
Kikubaaqudgha
Makhleb
Okawaru
Qazlal
Ru
Trog
Uskayaw
Wu Jian
Xom
Yredelemnul
The Shining One

Annotations:
D:3 Sigmund
D:4 Edmund


Message History

The two-headed ogre shouts in stereo!
The bullfrog zombie hits you. The two-headed ogre closely misses you.
The two-headed ogre hits you with a +0 dire flail!
The bullfrog zombie misses you.
Found a stone staircase leading up.
Found a stone staircase leading up.
Found a steel ring.
There is a stone staircase leading up here.
The two-headed ogre hits you with a +0 giant spiked club!
The two-headed ogre hits you with a +0 dire flail!
* * * LOW HITPOINT WARNING * * *
You climb upwards.
An adder comes into view.
There is a stone staircase leading down here.
Found a scale mail and 17 stones.
You fade into invisibility!
The two-headed ogre misses you.
The two-headed ogre hits you with a +0 dire flail!!
You die...

### #.#
#[#####
###@....##
#>OS.......
#.....##.###
#.........#
.......#....
#....##.#....
#..... .+ ...
#..... (# ...
##..#. .#


You could see a two-headed ogre and an adder.

Vanquished Creatures
  A sky beast (D:6)
  4 ice beasts
  A black bear (D:7)
  A necrophage (D:9)
  3 centaurs
  3 ogres (D:5)
  2 bullfrogs
  Blork the orc (D:5)
  A water moccasin zombie (D:2)
  3 scorpions
  A water moccasin skeleton (D:4)
  2 crimson imps
  3 orc priests
  4 hounds
  3 jellies
  An orc wizard (D:5)
  A bullfrog zombie (D:6)
  A centaur skeleton (D:4)
  An iguana (D:4)
  A gnoll shaman (D:5)
  4 worker ants
  A mummy (Ossuary)
  A worker ant zombie (D:2)
  Robin (D:4)
  4 gnolls (D:5)
  13 adders
  A shadow imp (D:5)
  An ooze (D:3)
  An adder skeleton (D:6)
  3 worms
  4 dart slugs
  5 leopard geckos
  10 orcs
  5 giant cockroaches
  A gnoll zombie (Ossuary)
  16 hobgoblins
  8 jackals
  7 kobolds
  3 quokkas
  A ball python skeleton (D:4)
  7 bats
  8 frilled lizards
  20 goblins
  2 kobold zombies (Ossuary)
  2 orc zombies (Ossuary)
  2 quokka zombies
  10 rats
  A spectral orc (D:4)
180 creatures vanquished.

Vanquished Creatures (others)
  A human (D:2)
  A fire vortex (Ossuary)
2 creatures vanquished.

Grand Total: 182 creatures vanquished

Notes
Turn   | Place    | Note
-------+----------+-------------------------------------------
     0 | D:1      | Freitmort the Deep Elf Fire Elementalist began the quest
                  | for the Orb.
     0 | D:1      | Reached XP level 1. HP: 10/10 MP: 6/6
   337 | D:1      | Reached XP level 2. HP: 15/15 MP: 4/8
   513 | D:1      | Learned a level 2 spell: Throw Flame
   962 | D:1      | Reached XP level 3. HP: 19/19 MP: 5/10
  1429 | D:2      | Found a glowing golden altar of the Shining One.
  1803 | D:2      | Reached skill level 4 in Spellcasting
  1956 | D:2      | Noticed a centaur
  2246 | D:2      | Found an ancient bone altar of Kikubaaqudgha.
  2278 | D:2      | Reached XP level 4. HP: 10/24 MP: 0/12
  2521 | D:2      | Found a faded altar of an unknown god.
  2798 | D:2      | Killed a centaur
  2798 | D:2      | Reached skill level 5 in Spellcasting
  2798 | D:2      | Reached XP level 5. HP: 24/28 MP: 7/14
  3148 | D:2      | Found an ancient bone altar of Kikubaaqudgha.
  3474 | D:2      | Noticed a human
  3476 | D:2      | Killed a human
  3493 | D:2      | Learned a level 4 spell: Sticky Flame
  3499 | D:2      | Learned a level 5 spell: Fireball
  3604 | D:3      | Reached XP level 6. HP: 32/32 MP: 10/15
  3608 | D:3      | Noticed Sigmund
  4139 | D:3      | Found a sacrificial altar of Ru.
  5043 | D:4      | Found a sand-covered staircase.
  5044 | D:4      | Noticed Robin
  5474 | D:4      | Reached skill level 5 in Fire Magic
  5484 | D:4      | Noticed Edmund
  5774 | Ossuary  | Entered an ossuary
  6198 | D:4      | Killed Robin
  6452 | D:4      | Reached skill level 6 in Spellcasting
  6452 | D:4      | Reached XP level 7. HP: 36/36 MP: 8/18
  6608 | D:4      | Found a basalt altar of Yredelemnul.
  6986 | D:5      | Entered Level 5 of the Dungeon
  7157 | D:5      | Reached skill level 5 in Conjurations
  7332 | D:5      | Reached XP level 8. HP: 41/41 MP: 9/20
  7475 | D:5      | Reached skill level 7 in Spellcasting
  7606 | D:5      | Noticed Blork the orc
  8386 | D:5      | Reached skill level 1 in Evocations
  8533 | D:5      | Reached skill level 8 in Spellcasting
  8905 | D:5      | Killed Blork the orc
  9159 | D:6      | Found a staircase to the Ecumenical Temple.
  9174 | Temple   | Entered the Ecumenical Temple
  9585 | D:6      | Reached skill level 1 in Short Blades
  9729 | D:6      | Reached XP level 9. HP: 46/46 MP: 8/23
 10697 | D:7      | Found a stormy altar of Qazlal.
 10814 | D:7      | You fall into a shaft and drop 3 floors!
 10814 | D:10     | Entered Level 10 of the Dungeon
 10826 | D:9      | Found an iron altar of Okawaru.
 10830 | D:9      | Found a white marble altar of Elyvilon.
 10855 | D:9      | Reached skill level 9 in Spellcasting
 10859 | D:9      | Noticed a two-headed ogre
 10870 | D:8      | Mangled by a two-headed ogre

Levels and vault maps discovered:
D:1:      dpeg_arrival_rhombi, layout_basic
D:2:      layout_basic, lemuel_round_altar, old_standard_altar, serial_forest,
          infiniplex_forest_clump_diagonal, infiniplex_forest_clump_medium,
          infiniplex_forest_join, infiniplex_forest_straight_3,
          infiniplex_forest_corner_1, infiniplex_forest_zigzag_2,
          chequers_ecumenical_altar_simple, tgw_kikubaaqudgha
D:3:      layout_basic, lemuel_doored_altar, first_ration, grunt_ministairs_15,
          hex_medium, dk_noncrumbling_3, uniq_sigmund
D:4:      layout_basic, yredelemnul_forgotten_temple_becter,
          nicolae_ossuary_entry_monument, uniq_robin, uniq_edmund
D:5:      layout_basic, uniq_blork_the_orc
D:6:      layout_gridville, minmay_temple_entry_glass
D:7:      layout_loops_cross, grunt_temple_overflow_forces_of_nature,
          chequers_temple_overflow_minitemple
D:8:      layout_basic, lemuel_round_altar, special_room [special_room_orc]
D:9:      layout_loops_ring, grunt_temple_overflow_open
D:10:     layout_long_grid, uniq_maurice, uniq_nergalle
Temple:   compressed_dpeg_triangle_lava_temple

Skill      XL: |  1  2  3  4  5  6  7  8  9 |
---------------+----------------------------+-----
Dodging        | 3 |  3.6
Spellcasting   | 4 5 6 8 9 |  9.0
Stealth        | 3 4 |  4.0
Conjurations   | 2 3 4 5 6 7 |  7.2
Fire Magic     | 4 5 6 7 8 |  8.0
Evocations     | 2 3 |  3.7
Short Blades   | 1 |  1.6
Fighting       | |  0.4

Action                   |  1- 3 |  4- 6 |  7- 9 || total
-------------------------+-------+-------+-------++-------
Melee: Dagger            |     5 |       |       ||     5
       Short sword       |       |       |    24 ||    24
 Cast: Flame Tongue      |    89 |   108 |    58 ||   255
       Throw Flame       |    15 |    42 |    91 ||   148
       Sticky Flame      |       |     5 |    17 ||    22
       Fireball          |       |     3 |     9 ||    12
Evoke: Wand              |       |       |     2 ||     2
  Use: Scroll            |     1 |     9 |     6 ||    16
       Potion            |       |       |     1 ||     1
  Eat: Chunk             |     3 |    10 |     6 ||    19
       Ration            |       |     2 |     3 ||     5
Armor: Robe              |     7 |    12 |    10 ||    29
Dodge: Dodged            |    32 |    39 |    49 ||   120
